 Dungeon Crawl Stone Soup version 0.28-a0-616-gdeb3d7f7b4 (webtiles) character file.

Game seed: 1734708777557063710

489 KristoblXynda the Slasher (level 6, -1/78 HPs)
             Began as a Draconian Gladiator on Oct 6, 2021.
             Killed by divine providence
             ... invoked by an orc priest
              (16 damage)
             ... on level 4 of the Dungeon.
             The game lasted 00:04:53 (4299 turns).

KristoblXynda the Slasher (Draconian Gladiator)     Turns: 4299, Time: 00:04:53

Health: -1/78      AC: 23    Str: 17    XL:     6   Next: 90%
Magic:  6/6        EV:  2    Int: 10    God:
Gold:   110        SH:  0    Dex: 12    Spells: 2/5 levels left

rFire   . . .      SeeInvis .   n - +4 short sword (flame)
rCold   . . .      Faith    .   (no shield)
rNeg    . . .      Spirit   .   (armour unavailable)
rPois   +          Reflect  .   (helmet currently unavailable)
rElec   .          Harm     .   (cloak currently unavailable)
rCorr   .          Rampage  .   (gloves currently unavailable)
Will    +....      NoTele   +   (boots currently unavailable)
Stlth   +.........              (no amulet)
HPRegen 0.23/turn               t - ring of willpower
MPRegen 0.10/turn               (no ring)

@: lethally poisoned (-1 -> -2), tree-form
A: stationary, stasis, torment immunity, boosted hp, AC +6, unfitting armour,
(cold-blooded)
a: no special abilities


You were on level 4 of the Dungeon.
You were a tree.
You visited 1 branch of the dungeon, and saw 4 of its levels.

You collected 110 gold pieces.

Inventory:

Hand Weapons
 a - a +0 long sword
 n - a +4 short sword of flaming (weapon)
Missiles
 c - 3 throwing nets (quivered)
Armour
 b - a +0 hat (melded)
 q - a +2 pair of gloves of archery (melded)
 x - a +0 cloak of poison resistance (melded)
 y - a +0 pair of boots of stealth (melded)
Jewellery
 t - a ring of willpower (left branch)
 w - a ring of flight
Wands
 s - a wand of charming (12)
Scrolls
 e - a scroll of identify
 f - a scroll of summoning {unknown}
 h - a scroll of vulnerability {unknown}
 j - a scroll of blinking {unknown}
 l - a scroll of brand weapon
 p - a scroll of noise {unknown}
 v - a scroll of amnesia
Potions
 i - 2 potions of attraction {unknown}
 k - 2 potions of mutation
 m - 2 potions of magic
 o - 2 potions of heal wounds
 r - a potion of resistance
 u - a potion of curing


   Skills:
 - Level 4.1 Fighting
 * Level 5.8 Long Blades
 - Level 2.0 Throwing
 + Level 4.2 Dodging
 + Level 1.1 Conjurations


You had 2 spell levels left.
You knew the following spells:

 Your Spells              Type           Power      Damage    Failure   Level
a - Conjure Flame         Conj/Fire      1%         6-21      67%         3

Your spell library contained the following spells:

 Spells                   Type           Power      Damage    Failure   Level
 Foxfire                  Conj/Fire      4%         2x1d4     30%         1
 Inner Flame              Hex/Fire       0%         N/A       75%         3
 Flame Wave               Conj/Fire      1%         3d3       97%         4
 Chain Lightning          Conj/Air       0%         2d1       100%        9
 Fire Storm               Conj/Fire      0%         6d1       100%        9
 Shatter                  Erth           0%         3d5*      100%        9


Dungeon Overview and Level Annotations

Branches:
Dungeon (4/15)
 Temple: D:4-7

Altars:
Elyvilon
Qazlal

Shops:
D:2 =


Innate Abilities, Weirdness & Mutations

You are a tree.
Your roots penetrate the ground, keeping you stationary.
You cannot be teleported.
You are immune to unholy pain and torment.
Your maximum health is greatly increased.
Your equipment is partially melded.
((Your plain brown scales are hard. (AC +6)))
You cannot fit into any form of body armour.
((You are cold-blooded and may be slowed by cold attacks.))


Message History

The orc priest is severely wounded.
You feel sick.
The orc priest hits you but does no damage.
You hit the orc priest but do no damage.
The orc priest is severely wounded.
You feel sick.
The orc priest hits you but does no damage.
You hit the orc priest but do no damage.
The orc priest is severely wounded.
You feel sick.
The orc priest hits you but does no damage.
You are more poisoned.
You hit the orc priest but do no damage.
The orc priest is severely wounded.
You feel very sick.
The orc priest hits you with a +0 dagger of venom.
* * * LOW HITPOINT WARNING * * *
Unknown command.
Okay, then.
Unknown command.
You closely miss the orc priest.
The orc priest is severely wounded.
You feel sick.
The orc priest hits you but does no damage.
You hit the orc priest. You burn the orc priest.
The orc priest is almost dead.
You feel sick.
You closely miss the orc.
You feel sick.
The orc priest looks satisfied for a moment.
You hit the orc but do no damage.
You feel sick. The orc hits you but does no damage.
You puncture the orc! You burn the orc.
You kill the orc!
You feel sick.
You closely miss the orc priest.
The orc priest is almost dead.
You feel sick.
The orc priest calls down the wrath of Beogh upon you.
Beogh smites you!
You die...

..# #.# #.o.....#
..# #.# #.......#
..# #.# #.......#
..# #.# #.......#
..# #.# #.......#
..# #.# #.......#
..# #.########<#o##
..# #..........#o#
..# ##########.#♣#
..# #.#.# #####
#.#.# ....# #.#.#
....# ###'#.##
....# #......#
....# #......#
....########......#
...........<......#


You could see 2 orc priests.

Vanquished Creatures
  Grinder (D:3)
  An orc priest (D:4)
  A bullfrog skeleton (D:4)
  Crazy Yiuf (D:3)
  Jessica (D:2)
  An orc wizard (D:4)
  An iguana (D:4)
  6 adders
  2 dart slugs (D:1)
  10 orcs
  3 endoplasms
  5 goblins
  5 hobgoblins
  3 jackals (D:2)
  6 kobolds
  5 quokkas
  6 ball pythons
  6 bats
  A frilled lizard (D:3)
  A rat (D:2)
  2 bushes (D:4)
68 creatures vanquished.

Vanquished Creatures (others)
  6 fungi (D:4)
6 creatures vanquished.

Grand Total: 74 creatures vanquished

Notes
Turn   | Place    | Note
-------+----------+-------------------------------------------
     0 | D:1      | KristoblXynda the Draconian Gladiator began the quest for
                  | the Orb.
     0 | D:1      | Reached XP level 1. HP: 17/17 MP: 1/1
   243 | D:1      | Reached XP level 2. HP: 21/25 MP: 2/2
   970 | D:2      | Reached XP level 3. HP: 23/30 MP: 3/3
  1121 | D:2      | Found Cacesij's Jewellery Boutique.
  1621 | D:2      | Noticed Jessica
  1634 | D:2      | Killed Jessica
  1635 | D:2      | Reached skill level 4 in Long Blades
  1635 | D:2      | Reached XP level 4. HP: 21/38 MP: 4/4
  2291 | D:3      | Found a faded altar of an unknown god.
  2426 | D:3      | Noticed Grinder
  2443 | D:3      | Paralysed by Grinder for 5 turns
  2451 | D:3      | Killed Grinder
  2452 | D:3      | Reached skill level 5 in Long Blades
  2452 | D:3      | Reached XP level 5. HP: 11/46 MP: 5/5
  2452 | D:3      | Reached XP level 6. HP: 13/52 MP: 6/6
  2844 | D:3      | Found a stormy altar of Qazlal.
  3168 | D:3      | Found a runed translucent door.
  3169 | D:3      | Noticed Crazy Yiuf
  3178 | D:3      | Killed Crazy Yiuf
  3426 | D:4      | Found a white marble altar of Elyvilon.
  3764 | D:4      | Learned a level 3 spell: Conjure Flame
  3925 | D:4      | HP: 2/52 [orc priest/divine providence (14)]
  3972 | D:4      | Reached skill level 1 in Conjurations
  4299 | D:4      | Killed from afar by an orc priest

Illustrated notes

Levels and vault maps discovered:
D:1:      wander_arrival_peaceful_grave, layout_basic
D:2:      layout_loops_corners, serial_shops, nicolae_diamond_shop, uniq_jessica
D:3:      layout_basic, lemuel_crystal_altar,
          ebering_ecumenical_altar_sacrificial, uniq_crazy_yiuf_cottage,
          uniq_grinder
D:4:      layout_basic, fedhas_altar_4, mainiacjoe_overflow_chevrons,
          chequers_serial_rivers_room_b

Skill      XL: |  1  2  3  4  5  6 |
---------------+-------------------+-----
Throwing       | 2 |  2.0
Dodging        | 3 4 |  4.2
Fighting       | 3 4 |  4.1
Long Blades    | 4 5 |  5.8
Conjurations   | 1 |  1.1

Action                   |  1- 3 |  4- 6 || total
-------------------------+-------+-------++-------
Melee: Long sword        |    68 |       ||    68
       Tailslap          |     6 |    49 ||    55
       Short sword       |    17 |   270 ||   287
  Use: Scroll            |       |    10 ||    10
       Potion            |       |     3 ||     3
 Stab: Sleeping          |     1 |     1 ||     2
Armor: Skin              |    29 |    56 ||    85
Dodge: Dodged            |    69 |    80 ||   149

Table legend: (Time is in decaauts)
 A = Elapsed time spent in this place.
 B = Non-inter-level travel time spent in this place.
 C = Inter-level travel time spent in this place.
 D = Time resting spent in this place.
 E = Time spent auto-exploring this place.
 F = Levels seen in this place.
 G = Mean time per level.
                   A        B        C        D        E       F      G
               +--------+--------+--------+--------+--------+-----+--------+
         Total |   4306 |   4237 |     69 |   1092 |   2416 |   4 | 1076.5 |
       Dungeon |   4306 |   4237 |     69 |   1092 |   2416 |   4 | 1076.5 |
               +--------+--------+--------+--------+--------+-----+--------+

Top non-repeatable levels by time:
     D:2: 1343 daAuts
     D:3: 1034 daAuts
     D:1: 968 daAuts
     D:4: 960 daAuts
